 Dungeon Crawl Stone Soup version 0.32-a0-468-g38b2580584 (webtiles) character file.

Game seed: 10968935743369837907

7028 whatisthis the Fighter (level 10, -5/85 HPs)
             Began as a Demonspawn Gladiator on Feb 24, 2024.
             Was a Follower of Nemelex Xobeh.
             Shot with an arrow by a centaur warrior (14 damage)
             ... on level 10 of the Dungeon.
             The game lasted 00:29:55 (8659 turns).

whatisthis the Fighter (Demonspawn Gladiator)       Turns: 8659, Time: 00:29:56

Health: -5/85      AC: 14    Str: 18    XL:     10   Next: 82%
Magic:  10/10      EV: 15    Int:  9    God:    Nemelex Xobeh [*.....]
Gold:   760        SH:  5    Dex: 21    Spells: 9/9 levels left

rFire   . . .        v - +7 trident of Qacs {venom, Dex+4 Stlth+}
rCold   . . .        (no shield)
rNeg    . . .        s - +0 chain mail
rPois   .            c - +0 helmet
rElec   .            (no cloak)
rCorr   .            (no gloves)
SInv    .            (no boots)
Will    .....        K - amulet of Vasef {Reflect Dex+2 Slay+2 SH+5} Stlth
                     n - +5 ring of evasion
HPRegen 0.34/turn    (no ring)
MPRegen 0.12/turn

%: reflection
@: no status effects
A: hooves 2, foul stench 1, powered by death 1, sharp scales 2
a: Renounce Religion, Draw Escape, Draw Destruction, Draw Summoning


You were on level 10 of the Dungeon.
You worshipped Nemelex Xobeh.
Nemelex Xobeh was aware of your devotion.
You visited 2 branches of the dungeon, and saw 11 of its levels.
You also visited: Sewer and Ossuary.

You collected 760 gold pieces.

Inventory:

Hand Weapons
 v - the +7 trident of Qacs (weapon) {venom, Dex+4 Stlth+}
   (You found it on level 9 of the Dungeon)

   Dex+4:     It affects your dexterity (+4).
   Stlth+:    It makes you more stealthy.
 D - a +2 halberd of freezing
Missiles
 d - 2 throwing nets
 e - a javelin
 j - 33 poisoned darts (quivered)
Armour
 c - a +0 helmet (worn)
 p - a +0 kite shield
 s - a +0 chain mail (worn)
Jewellery
 n - a +5 ring of evasion (left hand)
 K - the amulet of Vasef (around neck) {Reflect Dex+2 Slay+2 SH+5}
   (You found it on level 8 of the Dungeon)

   [amulet of reflection]

   Reflect:   It reflects blocked missile attacks.
   Dex+2:     It affects your dexterity (+2).
   Slay+2:    It affects your accuracy & damage with ranged weapons and melee
   (+2).
   SH+5:      It affects your SH (+5).
Wands
 y - a wand of acid (4)
 C - a wand of flame (23)
 F - a wand of digging (12)
 H - a wand of mindburst (3)
Scrolls
 a - a scroll of enchant armour
 f - 2 scrolls of butterflies
 g - 4 scrolls of revelation
 k - 2 scrolls of vulnerability {unknown}
 o - 5 scrolls of teleportation
 q - 4 scrolls of enchant weapon
 u - a scroll of blinking
 w - 4 scrolls of poison
 x - 3 scrolls of noise {unknown}
 A - a scroll of torment {unknown}
 B - a scroll of silence {unknown}
 E - a scroll of immolation {unknown}
 G - 2 scrolls of brand weapon {unknown}
 I - 2 scrolls of fog {unknown}
Potions
 b - a potion of attraction {unknown}
 h - a potion of invisibility {unknown}
 i - 5 potions of lignification
 l - 2 potions of brilliance {unknown}
 m - 3 potions of berserk rage {unknown}
 r - 5 potions of heal wounds
 t - 4 potions of curing
 z - 3 potions of enlightenment {unknown}
 J - a potion of mutation {unknown}


   Skills:
 + Level 10.0 Fighting
 + Level 9.3 Polearms
 - Level 1.7 Throwing
 + Level 8.4 Armour
 - Level 3.5 Dodging


You had 9 spell levels left.
You didn't know any spells.
Your spell library contained the following spells:

 Spells                   Type           Power      Damage    Failure   Level
 Apportation              Tloc           0%         N/A       96%         1
 Magic Dart               Conj           0%         1d3       96%         1
 Necrotise                Necr           0%         1d4       96%         1
 Sting                    Conj/Alch      0%         1d3       96%         1
 Summon Small Mammal      Summ           0%         N/A       96%         1
 Blink                    Tloc           0%         N/A       99%         2
 Call Imp                 Summ           0%         N/A       99%         2
 Cigotuvi's Dreadful Rot  Necr/Alch/Air  0%         N/A       99%         2
 Lesser Beckoning         Tloc           0%         N/A       99%         2
 Gell's Gravitas          Tloc           0%         N/A       100%        3
 Teleport Other           Tloc           0%         N/A       100%        3
 Tukima's Dance           Hex            0%         N/A       100%        3
 Dimensional Bullseye     Hex/Tloc       0%         N/A       100%        4
 Ignite Poison            Fire/Alch      0%         N/A       100%        4
 Iskenderun's Mystic Bla  Conj/Tloc      0%         2d3       100%        4
 Freezing Cloud           Conj/Ice/Air   0%         6-21      100%        5


Dungeon Overview and Level Annotations

Branches:
Dungeon (10/15)            Temple (1/1) D:7             Orc (0/2) D:9
  Sewer (visited)         Ossuary (visited)
   Lair: D:8-11

Altars:
Ashenzari
Cheibriados
Dithmenos
Gozag
Kikubaaqudgha
Makhleb
Nemelex Xobeh
Okawaru
Qazlal
Ru
Sif Muna
Trog
Uskayaw
Vehumet
Wu Jian
Xom
Yredelemnul

Shops:
D:3 !(:**   D:6 :?


Innate Abilities, Weirdness & Mutations

You have hoof-like feet.
You may rarely emit foul miasma when damaged in melee.
You regenerate a little health from kills.
You are mostly covered in razor-sharp scales. (AC +2, Slay +2)


Message History

The centaur warrior kicks you but does no damage.
Okay, then.
Unknown command.
You barely miss the centaur. You kick the centaur.
The centaur is moderately wounded.
The centaur warrior completely misses you. x2
The centaur misses you. You block the centaur's attack.
A two-headed ogre comes into view.
It is wielding a +0 giant spiked club and a +0 giant club.
The centaur warrior hits you but does no damage.
The centaur warrior kicks you but does no damage.
The two-headed ogre shouts in stereo!
You hear a shout!
The centaur warrior attacks as it pursues you!
The centaur warrior closely misses you. x2
The centaur warrior wields a +0 shortbow.
The centaur warrior shoots an arrow.
The arrow barely misses you.
The centaur warrior throws a stone.
You block the stone with an invisible shield... and reflect it back!
The stone closely misses the centaur warrior.
The centaur warrior throws a stone.
The stone hits you!
A cyclops comes into view.
The centaur warrior shoots an arrow.
The arrow hits you!
The centaur warrior throws a stone.
The stone closely misses you.
The centaur warrior throws a stone.
The stone hits you!
The centaur warrior throws a stone.
The stone hits you!
The centaur warrior shoots an arrow.
The arrow hits you.
The centaur warrior throws a stone.
The stone hits you!
* * * LOW HITPOINT WARNING * * *
The centaur warrior shoots an arrow.
The arrow hits you!!
* * * LOW HITPOINT WARNING * * *
You start resting.
A centaur is nearby!
You start resting.
There are monsters nearby!
Okay, then.
Blink to where?
Press: ? - help, Dir - move target
As you read the scroll of blinking, it crumbles to dust.
The centaur warrior shoots an arrow.
The arrow hits you!
You die...
Your body disappears without a glow.

#.......#...# #...~...~~~.~##
#####.....###.####..~~..~...~...
#........## .##≈≈≈≈~.~≈≈~~~~~~≈
####.c#### ##≈≈≈≈≈~~~~~~~~~≈~≈
##.O## #≈##...~..~.~....~
#..§#### #............~..
#~~≈≈≈≈# ##...~~.~......##
#...########...............#
#....####..@...#.##...##....
##....c...####...###..#####..
##..###..### ##.....<.# ##.
##.### ##.## #.......## ## #.##
##.## ##..####.## #.# ##.# #...#
##.# ### ### ##.#.# ### #.##.#
####.#


You could see a centaur warrior (poisoned).

Vanquished Creatures
  Joseph (D:8)
  A rime drake (shapeshifter) (D:9)
  3 trolls
  A shadow (D:9)
  A wyvern (D:8)
  7 yaks
  Menkaure (Ossuary)
  2 water moccasins (D:7)
  An orc warrior (D:8)
  A black bear (D:6)
  An ogre (D:6)
  A centaur (D:8)
  A phantom (D:5)
  2 kobold brigands (D:7)
  2 elf zombies (D:4)
  4 bullfrogs
  2 wyvern zombies (D:6)
  2 gnoll sergeants
  A scorpion (D:6)
  20 wights
  6 killer bees (D:8)
  2 howler monkeys
  A bombardier beetle (D:6)
  5 hounds
  6 orc priests
  3 bullfrog zombies (D:6)
  A gnoll bouda (D:5)
  A human zombie (D:6)
  A jelly (D:6)
  2 iguanas
  A sleepcap (D:4)
  11 orc wizards
  A killer bee zombie (D:6)
  6 mummies
  A howler monkey zombie (D:6)
  16 gnolls
  10 adders
  2 shadow imps
  A white imp (D:7)
  2 ufetubi (D:4)
  2 ribbon worms (D:6)
  12 dart slugs
  34 orcs
  11 ball pythons
  11 endoplasms
  9 giant cockroaches
  5 gnoll zombies (Ossuary)
  7 goblins
  8 hobgoblins
  4 quokkas
  5 bats
  13 frilled lizards
  4 gnoll skeletons (Ossuary)
  5 goblin skeletons (Ossuary)
  7 goblin zombies (Ossuary)
  5 hobgoblin skeletons (Ossuary)
  A hobgoblin zombie (Ossuary)
  16 kobolds
  4 kobold skeletons (Ossuary)
  4 kobold zombies (Ossuary)
  5 orc skeletons
  6 orc zombies
  7 rats
  4 rat skeletons (Ossuary)
  4 rat zombies (Ossuary)
327 creatures vanquished.

Notes
Turn   | Place    | Note
-------+----------+-------------------------------------------
     0 | D:1      | whatisthis the Demonspawn Gladiator began the quest for the
                  | Orb.
     0 | D:1      | Reached XP level 1. HP: 16/16 MP: 1/1
   267 | D:1      | Gained mutation: You have large cloven feet. [demonic
                  | ancestry]
   267 | D:1      | Reached XP level 2. HP: 22/22 MP: 2/2
   502 | D:1      | Reached XP level 3. HP: 28/28 MP: 3/3
   901 | D:1      | Reached skill level 3 in Fighting
  1040 | D:1      | Gained mutation: You have hoof-like feet. [demonic
                  | ancestry]
  1040 | D:1      | Reached XP level 4. HP: 35/35 MP: 4/4
  1176 | D:2      | Found a faded altar of an unknown god.
  1672 | D:3      | Found Pumeuczu's Book Emporium.
  1673 | D:3      | Identified the +9 mace of Hygy {flame, ^Fragile rElec Int-5
                  | Stlth+}
  1699 | D:3      | Found Astuth's General Store.
  1734 | D:3      | Reached XP level 5. HP: 36/41 MP: 5/5
  1760 | D:3      | Found Kuabot's Assorted Antiques.
  1906 | D:3      | Found Plog's Weapon Boutique.
  1966 | D:3      | Found Usoikk's Distillery.
  2157 | D:4      | Reached skill level 1 in Armour
  2182 | D:4      | Reached skill level 4 in Fighting
  2182 | D:4      | Gained mutation: You may rarely emit foul miasma when
                  | damaged in melee. [demonic ancestry]
  2182 | D:4      | Reached XP level 6. HP: 32/48 MP: 6/6
  2238 | D:4      | Found a sand-covered staircase.
  2243 | Ossuary  | Entered an ossuary
  2520 | Ossuary  | Noticed Menkaure
  2539 | Ossuary  | Killed Menkaure
  2831 | D:4      | Gained mutation: You are partially covered in razor-sharp
                  | scales. (AC +1, Slay +1) [demonic ancestry]
  2831 | D:4      | Reached XP level 7. HP: 46/55 MP: 7/7
  3394 | D:5      | Entered Level 5 of the Dungeon
  3531 | D:5      | Reached skill level 5 in Fighting
  3609 | D:5      | Reached skill level 5 in Polearms
  4138 | D:4      | Gained mutation: You are mostly covered in razor-sharp
                  | scales. (AC +2, Slay +2) [demonic ancestry]
  4138 | D:4      | Reached XP level 8. HP: 58/64 MP: 8/8
  4475 | D:6      | Found a glowing drain.
  4495 | Sewer    | Entered a sewer
  4550 | Sewer    | Reached skill level 6 in Fighting
  4816 | D:6      | Found a shadowy altar of Dithmenos.
  4827 | D:6      | Found Aruapt's Magic Scroll Shoppe.
  5094 | D:6      | Reached skill level 5 in Armour
  5143 | D:6      | Found Caite's Book Boutique.
  5243 | D:6      | Reached skill level 7 in Fighting
  5326 | D:6      | Reached XP level 9. HP: 70/72 MP: 9/9
  5332 | D:6      | Found a basalt altar of Yredelemnul.
  5619 | D:7      | Found a burning altar of Makhleb.
  6053 | D:7      | Found a staircase to the Ecumenical Temple.
  6063 | Temple   | Entered the Ecumenical Temple
  6105 | Temple   | Became a worshipper of Nemelex Xobeh the Trickster
  6398 | D:7      | Reached skill level 8 in Fighting
  7133 | D:8      | Identified the amulet of Vasef {Reflect Dex+2 Slay+2 SH+5}
  7184 | D:8      | Noticed Joseph
  7189 | D:8      | Killed Joseph
  7190 | D:8      | Gained mutation: You regenerate a little health from kills.
                  | [demonic ancestry]
  7190 | D:8      | Reached XP level 10. HP: 74/82 MP: 10/10
  7537 | D:8      | Reached skill level 9 in Fighting
  7935 | D:9      | Found a staircase to the Orcish Mines.
  8011 | D:9      | Reached * piety under Nemelex Xobeh
  8287 | D:9      | Identified the +7 trident of Qacs {venom, Dex+4 Stlth+}
  8454 | D:10     | Entered Level 10 of the Dungeon
  8598 | D:10     | Reached skill level 10 in Fighting
  8627 | D:10     | Noticed a centaur warrior
  8630 | D:10     | Noticed a two-headed ogre
  8634 | D:10     | Noticed a two-headed ogre
  8637 | D:10     | Noticed a cyclops
  8645 | D:10     | HP: 4/85 [centaur warrior/arrow (19)]
  8659 | D:10     | Shot with an arrow by a centaur warrior

Illustrated notes

Levels and vault maps discovered:
D:1:      sevenhm_arrival_forest_fort_small_5, layout_basic
D:2:      wander_river, layout_loops_ring, basic_ecumenical_altar,
          chequers_arboretum
D:3:      layout_rooms, serial_shops, nicolae_shop_stone,
          nicolae_shop_bloodbath_and_beyond, nicolae_shop_rolling_square,
          shop_statue, nicolae_shop_hallway_plus
D:4:      wad_pebble_path, layout_basic, nicolae_ossuary_entry_catacombs
D:5:      layout_rooms
D:6:      layout_loops_ring, mainiacjoe_overflow_brackets,
          lemuel_mausoleum_altar_yredelemnul, serial_shops, shop, shop,
          cheibrodos_sewer_entry_bend
D:7:      layout_gridville, mainiacjoe_overflow_alcove_1,
          minmay_temple_entry_large_hall
D:8:      layout_basic, nicolae_water_bricks, uniq_joseph
D:9:      layout_rooms, orc_0_dummy, small_chamber_with_monster
D:10:     hangedman_cross_stitches, layout_layer_cave, kennysheep_mini_moat,
          nzn_hepliaklqana_mist_gate, serial_rivers,
          chequers_serial_rivers_micro_b, chequers_serial_rivers_small_3,
          chequers_serial_rivers_small_b, chequers_serial_rivers_micro_b,
          hangedman_decor_lopped
Temple:   bh_familiar_temple

Skill      XL: |  1  2  3  4  5  6  7  8  9 10 |
---------------+-------------------------------+-----
Polearms       | 3 4 5 6 8 9 |  9.3
Dodging        | 3 |  3.5
Fighting       | 3 4 5 7 8 10 | 10.0
Armour         | 1 2 3 5 7 8 |  8.4
Throwing       | |  1.7

Action                     |  1- 3 |  4- 6 |  7- 9 | 10-12 || total
---------------------------+-------+-------+-------+-------++-------
  Melee: Trident           |   113 |     6 |       |    27 ||   146
         Kick              |    16 |    47 |    98 |    33 ||   194
         Halberd           |       |   245 |   382 |    70 ||   697
         Short sword       |       |       |    29 |       ||    29
  Throw: Throwing net      |       |     2 |       |       ||     2
         Dart              |       |       |    32 |     6 ||    38
  Evoke: Wand              |       |       |     9 |       ||     9
    Use: Potion            |       |     2 |       |       ||     2
         Scroll            |       |       |     7 |     2 ||     9
   Stab: Sleeping          |     1 |       |       |       ||     1
 Armour: Leather armour    |    48 |    35 |       |       ||    83
         Scale mail        |       |    60 |   216 |    16 ||   292
         Skin              |       |    11 |       |       ||    11
         Chain mail        |       |       |       |    43 ||    43
  Dodge: Dodged            |    75 |   146 |   308 |    60 ||   589
  Block: Other             |       |       |       |    12 ||    12
         Reflection        |       |       |       |     1 ||     1

Table legend: (Time is in decaauts)
 A = Elapsed time spent in this place.
 B = Non-inter-level travel time spent in this place.
 C = Inter-level travel time spent in this place.
 D = Time resting spent in this place.
 E = Time spent auto-exploring this place.
 F = Levels seen in this place.
 G = Mean time per level.
                   A        B        C        D        E       F      G
               +--------+--------+--------+--------+--------+-----+--------+
         Total |   8910 |   8493 |    417 |   1100 |   3904 |  13 |  685.4 |
       Dungeon |   8002 |   7645 |    357 |    995 |   3895 |  10 |  800.2 |
        Temple |     70 |     10 |     60 |      0 |      0 |   1 |   70.0 |
         Sewer |    331 |    331 |      0 |     14 |      8 |   1 |  331.0 |
       Ossuary |    506 |    506 |      0 |     91 |      0 |   1 |  506.0 |
               +--------+--------+--------+--------+--------+-----+--------+

Top non-repeatable levels by time:
     D:4: 1210 daAuts
     D:7: 1166 daAuts
     D:6: 1111 daAuts
     D:8: 885 daAuts
     D:1: 844 daAuts
     D:2: 788 daAuts
     D:5: 633 daAuts
     D:9: 627 daAuts
     D:3: 531 daAuts
 Ossuary: 506 daAuts
   Sewer: 331 daAuts
    D:10: 203 daAuts
  Temple: 70 daAuts
